AoeStats
← HAKUNA MATATA

Black Forest

505011153Analyzed
4v4 RM · 25d ago on Sep 7, 2026· 44m 41s· 8 players
Game mode
Random Map
Map size
Large (8 player)
Population
200
Speed
Normal
Resources
Standard
Victory
Conquest
Starting age
Dark Age
Ending age
Imperial Age
RankedLock teamsTeams togetherTeam positionsShared explorationLock speedFull tech treeHidden civsTurbo modeCheats
Victory
Defeat
🇨🇳 Teutons · China
1746
+5
🇭🇰 Bengalis · Hong Kong SAR China
1579
+10
🇨🇳 Persians · China
1570
+11
🇧🇷 Gurjaras · Brazil
1427
+16
🇭🇰 Bohemians · Hong Kong SAR China
1543
-14
🇨🇳 Koreans · China
1488
-12
🇭🇰 Burgundians · Hong Kong SAR China
1402
-9
🇹🇷 Khmer · Türkiye
1364
-7
LagiPup
0:38 Loom
13:51 Feudal Age
17:46 Castle Age
16:12 Double-Bit Axe
16:13 Horse Collar
24:02 Fortified Wall
25:43 Wheelbarrow
26:51 Fervor
30:22 Imperial Age
29:41 Chemistry
29:21 Heavy Plow
29:14 Fletching
29:56 Bow Saw
30:59 Houfnice
33:14 Bodkin Arrow
33:35 Hand Cart
33:32 Masonry
34:32 Scale Mail Armor
34:43 Forging
34:30 Pikeman
35:11 Squires
34:56 Arson
35:12 Bracer
35:46 Chain Mail Armor
36:05 Wagenburg Tactics
35:29 Halberdier
38:27 Plate Mail Armor
39:02 Iron Casting
survivorsteven
0:45 Loom
7:28 Double-Bit Axe
11:42 Feudal Age
16:09 Stone Mining
17:12 Horse Collar
20:03 Bow Saw
25:00 Castle Age
25:30 Town Watch
27:50 Heavy Plow
33:05 Wheelbarrow
34:32 Hand Cart
34:05 Town Watch
34:03 Fishing Lines
35:58 Gold Mining
38:13 Scale Barding Armor
38:19 Forging
41:59 Imperial Age
39:51 Chain Barding Armor
39:09 Light Cavalry
39:49 Husbandry
40:44 Gillnets
42:04 Iron Casting
44:03 Crop Rotation
44:35 Two-Man Saw
44:34 Scale Mail Armor
44:11 Pikeman
44:52 Squires
HAKUNA MATATA
11:57 Feudal Age
14:50 Castle Age
12:37 Horse Collar
13:43 Double-Bit Axe
16:13 Heavy Plow
16:30 Bow Saw
21:21 Wheelbarrow
23:44 Town Watch
24:32 Hand Cart
26:13 Gold Mining
26:14 Stone Mining
31:12 Imperial Age
28:28 Loom
28:29 Town Watch
29:43 Gold Shaft Mining
29:46 Stone Shaft Mining
29:52 Husbandry
30:03 Bloodlines
30:46 Coinage
31:16 Caravan
31:27 Tusk Swords
31:34 Scale Barding Armor
31:40 Forging
31:59 Elite Battle Elephant
33:51 Iron Casting
33:45 Chain Barding Armor
33:49 Conscription
36:42 Plate Barding Armor
37:08 Blast Furnace
38:22 Fletching
38:18 Heavy Scorpion
38:27 Pikeman
38:52 Arson
39:58 Scale Mail Armor
39:57 Bodkin Arrow
39:42 Pikeman
40:08 Arson
39:53 Elite Ballista Elephant
40:46 Halberdier
41:46 Chain Mail Armor
41:31 Bracer
43:20 Bracer
43:52 Light Cavalry
海的盒子
11:06 Feudal Age
12:25 Loom
12:34 Double-Bit Axe
14:55 Castle Age
14:58 Loom
17:03 Bow Saw
23:43 Horse Collar
23:55 Fishing Lines
25:14 Fletching
25:25 Gillnets
27:07 Bodkin Arrow
32:42 Imperial Age
31:15 Wheelbarrow
31:04 Gold Mining
31:06 Stone Mining
31:24 Heavy Plow
32:33 Gold Shaft Mining
32:59 Ballistics
33:16 Stone Shaft Mining
33:22 Hand Cart
34:41 Chemistry
35:21 Two-Man Saw
34:38 Bracer
35:38 Siege Engineers
35:06 Elite War Wagon
36:08 Conscription
36:01 Masonry
36:32 Elite War Wagon
36:38 Heavy Rocket Cart
38:54 Forging
40:05 Guilds
42:10 Shinkichon
41:52 Scale Mail Armor
43:01 Caravan
Hakka1_90
9:14 Feudal Age
9:21 Man-at-Arms
10:13 Double-Bit Axe
12:35 Loom
21:04 Castle Age
19:23 Horse Collar
19:34 Gold Mining
21:03 Stone Mining
21:19 Fishing Lines
22:23 Fletching
23:46 Forging
23:37 Scale Mail Armor
24:47 Wheelbarrow
27:54 Bow Saw
29:54 Heavy Plow
34:13 Imperial Age
32:15 Bodkin Arrow
32:21 Padded Archer Armor
33:39 Iron Casting
33:28 Ballistics
34:17 Leather Archer Armor
34:28 Masonry
34:44 Thumb Ring
35:52 Architecture
35:24 Bracer
34:45 Elite Elephant Archer
40:00 Chemistry
42:39 Caravan
45:16 Bloodlines
45:06 Husbandry
苏东坡的粉丝
8:21 Loom
11:58 Feudal Age
16:19 Castle Age
16:25 Castle Age
14:11 Double-Bit Axe
14:46 Horse Collar
15:21 Scale Barding Armor
16:12 Gold Mining
19:53 Bow Saw
22:26 Wheelbarrow
24:59 Chain Barding Armor
27:06 Gold Shaft Mining
27:53 Bloodlines
27:54 Heavy Plow
30:22 Stone Mining
31:15 Hand Cart
31:41 Forging
33:24 Iron Casting
34:08 Husbandry
33:53 Light Cavalry
38:52 Imperial Age
37:41 Stone Shaft Mining
37:27 Fletching
38:33 Cavalier
39:50 Plate Barding Armor
39:33 Guilds
40:08 Savar
41:34 Caravan
42:44 Blast Furnace
42:47 Two-Man Saw
42:20 Crop Rotation
压力我的是猪
12:58 Feudal Age
13:43 Fishing Lines
16:48 Castle Age
14:35 Double-Bit Axe
17:58 Bow Saw
20:14 Wheelbarrow
19:21 Horse Collar
21:02 Wheelbarrow
21:33 Heavy Plow
21:46 Loom
22:21 Gillnets
22:34 Gold Mining
23:26 Stone Mining
24:54 Gold Shaft Mining
28:58 Imperial Age
27:03 Hand Cart
27:00 Fletching
27:33 Padded Archer Armor
27:59 Bodkin Arrow
28:26 Ballistics
27:47 Treadmill Crane
28:52 Leather Archer Armor
28:40 Husbandry
28:50 Bloodlines
29:34 Masonry
29:59 Elite Elephant Archer
30:45 Bracer
31:16 Ring Archer Armor
31:49 Chemistry
31:20 Paiks
32:26 Caravan
33:29 Ring Archer Armor
33:53 Architecture
36:01 Coinage
43:41 Forging
43:37 Scale Barding Armor
43:28 Murder Holes
江东小霸王
8:59 Feudal Age
9:29 Double-Bit Axe
17:57 Castle Age
17:57 Fishing Lines
19:11 Bow Saw
20:48 Gillnets
22:15 Horse Collar
23:12 Heavy Plow
26:29 Wheelbarrow
25:51 Gold Mining
27:32 Stone Mining
30:37 Imperial Age
28:25 Hand Cart
27:57 Loom
28:53 Stone Shaft Mining
28:43 Scale Mail Armor
28:54 Forging
28:08 Pikeman
29:16 Ballistics
29:43 Town Watch
30:15 Chain Mail Armor
30:01 Squires
31:06 Iron Casting
31:36 Siege Engineers
30:55 Onager
32:55 Two-Man Saw
32:47 Conscription
33:36 Chemistry
33:51 Plate Mail Armor
33:00 Halberdier
35:22 Blast Furnace
36:17 Crop Rotation
37:07 Crenellations
36:45 Fletching
37:55 Guilds
39:41 Bodkin Arrow
40:00 Masonry
39:19 Siege Onager
41:00 Arrowslits
41:03 Arson
41:29 Elite Teutonic Knight
43:03 Devotion
44:33 Hoardings
Connection lost

Rejoining the realm…

Still unreachable

The connection could not be restored.

Session expired

The server has moved on; the page needs a fresh start.